 Seeded DCSS version 0.30-a0-305-g026cb31310 (webtiles) character file.

Game seed: 11917764230341425491 (custom seed)

25 purpskrrrp the Ruffian (level 2, 0/26 HPs)
             Began as a Troll Transmuter on Oct 22, 2022.
             Killed by an exploding orc (17 damage)
             ... ignited by their inner flame
             ... on level 1 of the Dungeon.
             The game lasted 00:01:57 (780 turns).

purpskrrrp the Ruffian (Troll Transmuter)            Turns: 780, Time: 00:01:57

Health: 0/26       AC:  6    Str: 17    XL:     2   Next: 82%
Magic:  2/2        EV:  9    Int: 15    God:
Gold:   63         SH:  0    Dex: 10    Spells: 2/3 levels left

rFire   . . .      SeeInvis .      - Unarmed
rCold   . . .      Faith    .    (no shield)
rNeg    . . .      Spirit   .    j - +2 robe
rPois   .          Reflect  .    (helmet restricted)
rElec   .          Harm     .    (no cloak)
rCorr   .          Rampage  .    (gloves unavailable)
Will    .....                    (boots unavailable)
Stlth   +.........               (no amulet)
HPRegen 1.04/turn                k - +6 ring of intelligence
MPRegen 0.08/turn                (no ring)

@: no status effects
A: large, unfitting armour, claws 3, regeneration 1, shaggy fur 1, tough skin 1
a: no special abilities


You were on level 1 of the Dungeon.
You visited 1 branch of the dungeon, and saw 1 of its levels.

You collected 63 gold pieces.

Inventory:

Armour
 a - a +0 robe
 j - a +2 robe (worn)
Jewellery
 k - a +6 ring of intelligence (left claw)
Potions
 b - a potion of lignification
 d - a potion of degeneration
 e - a potion of brilliance
 f - a potion of attraction
 i - a potion of ambrosia {unknown}


   Skills:
 - Level 0.7 Fighting
 - Level 1.5 Dodging
 + Level 4.1 Unarmed Combat
 - Level 1.2 Spellcasting
 - Level 1.3 Transmutations


You had 2 spell levels left.
You knew the following spells:

 Your Spells              Type           Power      Damage    Failure   Level
a - Beastly Appendage     Tmut           10%        N/A       14%         1

Your spell library contained the following spells:

 Spells                   Type           Power      Damage    Failure   Level
 Wereblood                Tmut           5%         N/A       21%         2
 Spider Form              Tmut/Pois      3%         N/A       47%         3
 Ice Form                 Ice/Tmut       3%         N/A       87%         4
 Malign Gateway           Summ/Tloc      0%         N/A       100%        7
 Summon Horrible Things   Summ           0%         N/A       100%        8


Dungeon Overview and Level Annotations

Branches:
Dungeon (1/15)

Altars:


Innate Abilities, Weirdness & Mutations

You are too large for most types of armour.
You have claws for hands.
Your natural rate of healing is unusually fast.
You are covered in fur. (AC +1)
You have tough skin. (AC +1)


Message History

You feel clever.
k - a +6 ring of intelligence (left claw) Unknown command.
This is a scroll of acquirement!
Something appears at your feet!
You start removing your armour.
You continue taking off your +0 robe. x4
You finish taking off your +0 robe.
You start putting on your armour.
You continue putting on your +2 robe. x5
You finish putting on your +2 robe.
Okay, then.
As you read the scroll labelled RURIHU HIYLENK, it crumbles to dust.
It is a scroll of identify.
e - a potion of brilliance
As you read the scroll of identify, it crumbles to dust.
d - a potion of degeneration
As you read the scroll of identify, it crumbles to dust.
f - a potion of attraction
As you read the scroll labelled JINUVO BALAIS, it crumbles to dust.
You assume a fearsome visage.
Nothing appears to happen.
It was a scroll of fear.
Okay, then.
You open the large door.
As you read the scroll labelled YGAUWE XUUSA, it crumbles to dust.
The scroll dissolves into smoke.
It was a scroll of fog.
The orc hits you but does no damage.
The orc warrior hits you from afar with a +0 glaive!
The orc attacks as you move away! The orc barely misses you.
The orc attacks as you move away! The orc hits you with a +0 whip.
The orc hits you but does no damage. The orc attacks as you move away!
The orc completely misses you.
As you read the scroll labelled SAUTHE QU FOOPN, it crumbles to dust.
The creatures around you are filled with an inner flame!
It was a scroll of immolation.
The orc hits you but does no damage.
You scratch the orc.
Flame seeps out of the orc.
The orc is almost dead.
The orc is engulfed in blazing flames.
The orc explodes!
The fiery explosion engulfs you!
Ouch! That really hurt!
You die...

# #.........# ##....# ###########
##.#.# #...#
♣♣♣♣♣♣♣♣♣♣♣♣♣♣♣♣♣##############.#
♣...♣♣........................#)#
.♣♣....♣....♣...♣..########...#.#
...♣♣...♣♣♣...♣♣..## ♣.♣.#...#.#
.♣.......♣.......#####....#...#.#
♣..♣...♣...♣....@8§#§#.8..#...#.#
.♣...♣..♣♣.♣♣...§○§ooo§§..#...#.#
♣.♣...♣.........§o§o§§§...#...#..
.♣♣......♣♣......8§#.#._..#.....#
.♣..♣......♣.)...#####....#...#..
♣♣.♣.♣..♣♣...♣....## ♣.♣.#...#..
♣..♣..♣♣.)♣...♣....########...###
♣..♣♣.♣♣..........)..)........#..
.♣..♣..♣..♣♣...♣........###...#.#


You could see an orc warrior (inner flame) and 2 orcs.

Vanquished Creatures
  2 dart slugs (D:1)
  An orc (D:1)
  A giant cockroach (D:1)
  5 goblins (D:1)
  2 hobgoblins (D:1)
  3 quokkas (D:1)
  A ball python (D:1)
  2 bats (D:1)
  A frilled lizard (D:1)
  A kobold (D:1)
  A rat (D:1)
20 creatures vanquished.

Notes
Turn   | Place    | Note
-------+----------+-------------------------------------------
     0 | D:1      | purpskrrrp the Troll Transmuter began the quest for the
                  | Orb.
     0 | D:1      | Reached XP level 1. HP: 18/18 MP: 1/1
    71 | D:1      | Found a large runed translucent door.
    71 | D:1      | Found a large runed translucent door.
    73 | D:1      | Noticed an orc warrior
   189 | D:1      | Reached XP level 2. HP: 26/26 MP: 0/2
   337 | D:1      | Reached skill level 4 in Unarmed Combat
   756 | D:1      | Identified a scroll of acquirement
   756 | D:1      | Acquired a +2 robe
   780 | D:1      | Killed by an exploding orc... ignited by their inner flame

Illustrated notes

Levels and vault maps discovered:
D:1:      erik_arrival_cave_to_civilisation [erik_arrival_cave_to_temple],
          layout_basic, minivault_23

Skill      XL: |  1  2 |
---------------+-------+-----
Unarmed Combat | 4 |  4.1
Fighting       | |  0.7
Dodging        | |  1.5
Spellcasting   | |  1.2
Transmutations | |  1.3

Action                   || total
-------------------------++-------
Melee: Unarmed           ||    36
       Kick              ||     3
       Headbutt          ||     1
 Cast: Beastly Appendage ||     7
  Use: Scroll            ||     7
Armor: Robe              ||    12
Dodge: Dodged            ||    19

Table legend: (Time is in decaauts)
 A = Elapsed time spent in this place.
 B = Non-inter-level travel time spent in this place.
 C = Inter-level travel time spent in this place.
 D = Time resting spent in this place.
 E = Time spent auto-exploring this place.
 F = Levels seen in this place.
 G = Mean time per level.
                   A        B        C        D        E       F      G
               +--------+--------+--------+--------+--------+-----+--------+
         Total |    777 |    777 |      0 |      0 |    635 |   1 |  777.0 |
       Dungeon |    777 |    777 |      0 |      0 |    635 |   1 |  777.0 |
               +--------+--------+--------+--------+--------+-----+--------+

Top non-repeatable levels by time:
     D:1: 777 daAuts
